 Dungeon Crawl Stone Soup version 0.29-a0-789-g7a8fcbc185 (webtiles) character file.

Game seed: 3419594050047492379

109 purpskrrrp the Sneak (level 4, -2/23 HPs)
             Began as a Vine Stalker Brigand on July 3, 2022.
             Succumbed to a gnoll's poison
             ... on level 3 of the Dungeon.
             The game lasted 00:08:54 (2116 turns).

purpskrrrp the Sneak (Vine Stalker Brigand)         Turns: 2116, Time: 00:08:55

Health: -2/23      AC:  3    Str: 14    XL:     4   Next: 89%
Magic:  0/5        EV: 12    Int: 11    God:
Gold:   94         SH:  0    Dex: 17    Spells: 3/3 levels left

rFire   x . .      SeeInvis .   j - +2 dagger (venom)
rCold   + . .      Faith    .   (no shield)
rNeg    . . .      Spirit   +   b - +0 robe
rPois   .          Reflect  .   (no helmet)
rElec   .          Harm     .   c - +0 cloak
rCorr   .          Rampage  .   (no gloves)
Will    .....                   (no boots)
Stlth   +++.......              (no amulet)
HPRegen 0.87/turn               m - ring of ice
MPRegen 0.09/turn               (no ring)

@: lethally poisoned (-2 -> -14)
A: fangs 2, regeneration 1, magic shield, antimagic bite, no potion heal 2
a: no special abilities


You were on level 3 of the Dungeon.
You visited 1 branch of the dungeon, and saw 3 of its levels.

You collected 94 gold pieces.

Inventory:

Hand Weapons
 a - a +2 dagger
 g - a +2 vampiric spear
 j - a +2 dagger of venom (weapon)
Missiles
 d - 9 poisoned darts
 e - 3 curare-tipped darts
Armour
 b - a +0 robe (worn)
 c - a +0 cloak (worn)
Jewellery
 m - a ring of ice (left hand)
Wands
 k - a wand of acid (7) (quivered)
Scrolls
 f - 3 scrolls of teleportation
 h - 3 scrolls of identify
 l - 2 scrolls of magic mapping
 n - a scroll of noise {unknown}
 p - a scroll of vulnerability {unknown}
Potions
 i - 2 potions of lignification
 o - a potion of curing {unknown}


   Skills:
 + Level 1.9 Fighting
 * Level 2.1 Short Blades
 * Level 2.1 Polearms
 - Level 1.7 Throwing
 + Level 1.0 Dodging
 * Level 6.3 Stealth


You had 3 spell levels left.
You didn't know any spells.
Your spell library contained the following spells:

 Spells                   Type           Power      Damage    Failure   Level
 Sting                    Tmut/Pois      0%         1d3       34%         1
 Ensorcelled Hibernation  Hex/Ice        0%         N/A       47%         2
 Poisonous Vapours        Pois/Air       0%         N/A       47%         2
 Spider Form              Tmut/Pois      0%         N/A       71%         3
 Anguish                  Hex/Necr       0%         N/A       98%         4
 Olgreb's Toxic Radiance  Pois           0%         N/A       98%         4


Dungeon Overview and Level Annotations

Branches:
Dungeon (3/15)

Altars:

Shops:
D:1 :   D:3 [


Innate Abilities, Weirdness & Mutations

You have extremely sharp teeth.
Your natural rate of healing is unusually fast.
When hurt, damage is shared between your health and your magic reserves.
Your bite disrupts and absorbs the magic of your enemies.
Potions cannot restore your health.


Message History

The endoplasm hits you.
You hit the endoplasm.
You kill the endoplasm!
No target in view!
No target in view!
No target in view!
No target in view!
HP restored.
Found a flail.
No target in view! 3 gnolls come into view.
There are monsters nearby!
There are monsters nearby!
The helpless gnoll fails to defend itself.
You impale the gnoll!!
You kill the gnoll!
The gnoll shouts! x2
A gnoll comes into view. It is wielding a +0 whip of venom.
The gnoll shouts!
The gnoll hits you with a +0 whip of venom.
You are poisoned.
The gnoll misses you.
Things that are here:
a +0 spear; a gnoll corpse You hit the gnoll but do no damage.
The gnoll is poisoned.
You feel very sick. The gnoll closely misses you. The gnoll misses you.
You hit the gnoll.
The gnoll looks as sick as possible!
The gnoll is moderately wounded.
You feel sick.
The gnoll hits you with a +0 whip of venom!
You are lethally poisoned!
The gnoll barely misses you.
You are too injured to fight recklessly!
The gnoll attacks as you move away! The gnoll barely misses you.
* * * LOW HITPOINT WARNING * * *
You feel very sick.
The gnoll hits you from afar with a +0 spear.
* * * LOW HITPOINT WARNING * * *
You die...

#######.#
#.......#
#.).#####
#...#
#...#
###.# ###
#.# ..#
#.##..#
#@.ggg#
#####....#
##.# . . .
. .


You could see 3 gnolls.

Vanquished Creatures
  4 adders
  A gnoll (D:3)
  A worm (D:2)
  A dart slug (D:1)
  2 orcs (D:3)
  9 endoplasms
  A giant cockroach (D:3)
  2 goblins
  3 hobgoblins
  2 jackals (D:1)
  8 kobolds
  3 quokkas
  4 ball pythons
  2 bats
  5 frilled lizards
  9 rats
57 creatures vanquished.

Vanquished Creatures (others)
  8 plants (D:2)
8 creatures vanquished.

Grand Total: 65 creatures vanquished

Notes
Turn   | Place    | Note
-------+----------+-------------------------------------------
     0 | D:1      | purpskrrrp the Vine Stalker Brigand began the quest for the
                  | Orb.
     0 | D:1      | Reached XP level 1. HP: 11/11 MP: 2/2
    68 | D:1      | Reached skill level 5 in Stealth
   101 | D:1      | Reached XP level 2. HP: 15/15 MP: 3/3
   666 | D:1      | Found Xuygupp's Book Emporium.
   782 | D:1      | Reached skill level 1 in Polearms
   782 | D:1      | Reached XP level 3. HP: 18/18 MP: 4/4
  1120 | D:2      | Reached skill level 1 in Dodging
  1133 | D:2      | Reached skill level 6 in Stealth
  1264 | D:2      | Gained mutation: Your natural rate of healing is unusually
                  | fast. [Vine Stalker growth]
  1264 | D:2      | Reached XP level 4. HP: 23/23 MP: 5/5
  1815 | D:3      | Found Tenweriv's Armour Shop.
  2116 | D:3      | Succumbed to a gnoll's poison

Illustrated notes

Levels and vault maps discovered:
D:1:      saegor_arrival_fortress, layout_basic, serial_shops,
          nicolae_shop_crystal, serial_corexii_hall, corexii_hall_statues_i,
          chequers_hall_statues_wall_a
D:2:      layout_loops_ring, serial_bayou_ford_a, lexackson_kobold_supper
D:3:      layout_basic, serial_shops, shop

Skill      XL: |  1  2  3  4 |
---------------+-------------+-----
Stealth        | 5 6 |  6.3
Polearms       | 1 2 |  2.1
Dodging        | 1 |  1.0
Short Blades   | 2 |  2.1
Fighting       | |  1.9
Throwing       | |  1.7

Action                   |  1- 3 |  4- 6 || total
-------------------------+-------+-------++-------
Melee: Dagger            |    45 |    43 ||    88
       Bite              |    21 |     9 ||    30
       Spear             |    49 |       ||    49
       Punch             |     1 |     1 ||     2
  Use: Scroll            |     1 |     3 ||     4
 Stab: Sleeping          |    12 |     7 ||    19
Armor: Robe              |    13 |     9 ||    22
Dodge: Dodged            |    21 |    19 ||    40

Table legend: (Time is in decaauts)
 A = Elapsed time spent in this place.
 B = Non-inter-level travel time spent in this place.
 C = Inter-level travel time spent in this place.
 D = Time resting spent in this place.
 E = Time spent auto-exploring this place.
 F = Levels seen in this place.
 G = Mean time per level.
                   A        B        C        D        E       F      G
               +--------+--------+--------+--------+--------+-----+--------+
         Total |   2117 |   1940 |    177 |    235 |   1299 |   3 |  705.7 |
       Dungeon |   2117 |   1940 |    177 |    235 |   1299 |   3 |  705.7 |
               +--------+--------+--------+--------+--------+-----+--------+

Top non-repeatable levels by time:
     D:1: 947 daAuts
     D:2: 860 daAuts
     D:3: 310 daAuts
